 Dungeon Crawl Stone Soup version 0.31-a0-702-gf82c85558f (webtiles) character file.

Game seed: 3959157267738869269

12507 Xavori the Covert (level 11, 0/81 HPs)
             Began as an Octopode Chaos Knight on Sept 8, 2023.
             Was a Plaything of Xom.
             Slain by a wolf (10 damage)
             ... led by Grum
             ... on level 10 of the Dungeon.
             The game lasted 00:20:48 (21983 turns).

Xavori the Covert (Octopode Chaos Knight)          Turns: 21983, Time: 00:20:48

Health: 0/81       AC:  5    Str: 11    XL:     11   Next: 94%
Magic:  20/20      EV: 16    Int: 19    God:    Xom [......]
Gold:   650        SH: 12    Dex: 21    Spells: 10/10 levels left

rFire   + + .        H - +8 lance "Wyrmbane" {slay drac, rPois rF+ rC+ AC+3}
rCold   + + +        q - +1 kite shield of the Immovable Lives {Drain MP+9 SInv}
rNeg    . . .        o - +0 hat {Stlth+}
rPois   +            (no amulet)
rElec   .            h - ring of protection from cold
rCorr   .            n - ring "Edidgh" {rF+ rC+ Int+3 Dex+6 Stlth+}
SInv    +            s - ring of wizardry
Will    +++..        B - ring of willpower
Stlth   ++++++++     (no ring)
HPRegen 0.33/turn    (no ring)
MPRegen 0.17/turn    (no ring)
                     (no ring)

%: clarity, wizardry (x1)
@: no status effects
A: almost no armour, amphibious, 8 rings, camouflage 1, gelatinous body 1,
(nimble swimmer 1), tentacles, clarity, cold resistance 1, strong-willed 2,
robust 1, screaming 1, shaggy fur 1, wild magic 1
a: Renounce Religion


You were on level 10 of the Dungeon.
You worshipped Xom.
You were a very special plaything of Xom.
You visited 1 branch of the dungeon, and saw 11 of its levels.
You also visited: Bailey.

You collected 650 gold pieces.

Inventory:

Hand Weapons
 a - a +0 short sword of chaos
 F - a +4 short sword
 H - the +8 lance "Wyrmbane" (weapon) {slay drac, rPois rF+ rC+ AC+3}
   (You took it off a goblin in a bailey)

   AC+3:      It affects your AC (+3).
   rF+:       It protects you from fire.
   rC+:       It protects you from cold.
   rPois:     It protects you from poison
Missiles
 c - 3 throwing nets
Armour
 o - a +0 hat of stealth (worn)
 q - the +1 kite shield of the Immovable Lives (worn) {Drain MP+9 SInv}
   (You acquired it on level 4 of the Dungeon)

   MP+9:      It affects your magic capacity (+9).
   SInv:      It lets you see invisible.
   Drain:     It drains your maximum health when unequipped.
Jewellery
 h - a ring of protection from cold (left tentacle)
 n - the ring "Edidgh" (right tentacle) {rF+ rC+ Int+3 Dex+6 Stlth+}
   (Xom gifted it to you on level 1 of the Dungeon)

   [ring of dexterity]

   Int+3:     It affects your intelligence (+3).
   Dex+6:     It affects your dexterity (+6).
   rF+:       It protects you from fire.
   rC+:       It protects you from cold.
   Stlth+:    It makes you more stealthy.
 s - a ring of wizardry (on tentacle)
 B - a ring of willpower (on tentacle)
Talismans
 r - a maw talisman
 u - a granite talisman
Wands
 f - a wand of iceblast (8)
 l - a wand of flame (28)
 m - a wand of mindburst (1)
 y - a wand of charming (17)
 D - a wand of polymorph (5)
Scrolls
 b - a scroll of butterflies
 e - 5 scrolls of teleportation
 g - 4 scrolls of enchant weapon
 j - 2 scrolls of enchant armour
 k - 2 scrolls of immolation
 p - 3 scrolls of vulnerability
 v - a scroll of blinking
 w - a scroll of torment
 z - 5 scrolls of amnesia
 E - a scroll of brand weapon
 I - a scroll of summoning
 L - a scroll of revelation
Potions
 d - 3 potions of attraction
 i - a potion of cancellation
 t - a potion of magic
 x - a potion of haste
 A - a potion of ambrosia
 C - 3 potions of brilliance
 G - 6 potions of enlightenment


   Skills:
 + Level 6.4 Fighting
 - Level 6.7 Short Blades
 * Level 8.2 Polearms
 + Level 6.6 Dodging
 - Level 10.2 Stealth
 + Level 6.1 Shields
 - Level 6.2 Evocations
 * Level 6.6 Shapeshifting


You had 10 spell levels left.
You didn't know any spells.
Your spell library contained the following spells:

 Spells                   Type           Power      Damage    Failure   Level
 Apportation              Tloc           0%         N/A       32%         1
 Necrotise                Necr           0%         1d4       32%         1
 Sting                    Tmut/Pois      0%         1d3       32%         1
 Summon Small Mammal      Summ           0%         N/A       32%         1
 Blink                    Tloc           0%         N/A       45%         2
 Jinxbite                 Hex            0%         N/A       45%         2
 Lesser Beckoning         Tloc           0%         N/A       45%         2
 Momentum Strike          Conj/Tloc      0%         3d8       45%         2
 Poisonous Vapours        Pois/Air       0%         N/A       45%         2
 Sublimation of Blood     Necr           0%         N/A       45%         2
 Dazzling Flash           Conj/Hex       0%         N/A       67%         3
 Ignite Poison            Fire/Tmut/Pois 0%         N/A       67%         3
 Leda's Liquefaction      Hex/Erth       0%         N/A       95%         4
 Olgreb's Toxic Radiance  Pois           0%         N/A       95%         4
 Petrify                  Tmut/Erth      0%         N/A       95%         4
 Sticky Flame             Conj/Fire      0%         2d3       95%         4
 Vhi's Electric Charge    Tloc/Air       0%         N/A       95%         4
 Agony                    Necr           0%         N/A       100%        5
 Alistair's Intoxication  Tmut/Pois      0%         N/A       100%        5
 Irradiate                Conj/Tmut      0%         3d11      100%        5
 Lee's Rapid Deconstruct  Erth           0%         3d4*      100%        5
 Silence                  Hex/Air        0%         N/A       100%        5
 Dispersal                Tloc           0%         N/A       100%        6
 Leda's Unmaking          Conj/Erth      0%         9d1       100%        6
 Simulacrum               Ice/Necr       0%         N/A       100%        6
 Disjunction              Tloc           0%         N/A       100%        8
 Ignition                 Fire           0%         3d3       100%        8


Dungeon Overview and Level Annotations

Branches:
Dungeon (11/15)            Temple (0/1) D:6            Lair (0/5) D:10
    Orc (0/2) D:9          Bailey (visited)

Altars:
Cheibriados
Elyvilon
Hepliaklqana
Okawaru
Qazlal
Uskayaw
Xom
Yredelemnul

Shops:
D:4 ((:   D:5 (*

Annotations:
D:11 Grum


Innate Abilities, Weirdness & Mutations

You cannot wear most types of armour.
You are amphibious.
You can wear up to eight rings at the same time.
Your skin changes colour to match your surroundings (Stealth+).
Your rubbery body absorbs attacks. (AC +1, EV +1)
((You are camouflaged when in or above water. (Stealth+)))
You have tentacles for arms and can constrict up to eight enemies at once.
You possess an exceptional clarity of mind.
Your flesh is cold resistant. (rC+)
You are highly strong-willed. (Will++)
You are robust. (+10% HP)
You occasionally shout uncontrollably at your foes.
You are covered in fur. (AC +1)
Your spells are a little harder to cast, but a little more powerful.


Message History

You closely miss the wolf. Your grab misses the wolf.
The wolf is heavily wounded.
You block the wolf's attack.
Grum hits you from afar with a -2 spear!!
The wolf bites you! The wolf barely misses you. The wolf barely misses you.
The wolf bites you but does no damage. You block the wolf's attack.
You block Grum's attack. The wolf bites you. The wolf barely misses you.
You climb upwards.
There is a stone staircase leading down, spattered with blood here.
You hit the wolf. You grab the wolf.
The wolf is moderately wounded.
You constrict the wolf. The wolf barely misses you. x2
You block the wolf's attack. x2
You barely miss the wolf. You squeeze the wolf.
The wolf is moderately wounded.
You constrict the wolf, but do no damage.
You block the wolf's attack. x2; The wolf bites you.
You hit the wolf. You squeeze the wolf, but do no damage.
The wolf is heavily wounded.
You constrict the wolf. You block the wolf's attack. The wolf bites you!
The wolf bites you.
You hit the wolf.
The wolf is almost dead.
You constrict the wolf.
You kill the wolf!
You block the wolf's attack. The wolf bites you!
* * * LOW HITPOINT WARNING * * *
You see here a wolf corpse.
You puncture the wolf! Your grab misses the wolf. Your squeeze misses the wolf.
The wolf is severely wounded.
You block the wolf's attack. The wolf closely misses you.
You puncture the wolf!
You kill the wolf!
You hit the wolf. You grab the wolf.
The wolf is lightly wounded.
You constrict the wolf. The wolf bites you!
* * * LOW HITPOINT WARNING * * *
The wolf bites you!
You die...

# #.#...####..##.#
#.#
######..K.......<##.#
#.#
....####K#######.##.#
#.## ....# #.# #.##.#
#..# # ....####K#
#.##.#######.# #
8....KK4K#
#.##.#.....#.# #
....######
#.##.#.....#.# ##
....#
#h##....∩....####.
....#
#@##..............
.####
#.###.........###. .#
#.# ######.....### .#
#.# #........... .#
#.# #.##.....#.. .#
#.# ###.###...##.. .#
#.# #..........÷>†
.######## ###
##############
........# #######.###


You could see a wolf.

Vanquished Creatures
  A two-headed ogre (D:10)
  2 kobold demonologists
  2 polar bears (D:10)
  A hornet (D:8)
  3 centaur simulacra (D:10)
  A slime creature (D:9)
  6 wyverns
  14 yaks
  Eustachio (D:6)
  2 steam dragons
  An acid dragon (D:9)
  A swamp drake (D:10)
  4 ice beasts
  5 sky beasts
  14 orc warriors
  3 black bears
  3 ogres
  4 wolves (D:10)
  4 centaurs
  A phantom (D:4)
  Blork the orc (D:4)
  4 bullfrogs
  5 gnoll sergeants (D:9)
  5 kobold brigands
  3 scorpions
  10 wights
  14 killer bees
  4 howler monkeys
  9 jellies
  5 hounds
  5 orc priests
  Crazy Yiuf (D:2)
  2 iguanas
  6 orc wizards
  Robin (D:4)
  7 gnolls
  2 adders
  6 white imps
  2 ufetubi
  3 worms
  3 dart slugs
  24 orcs
  6 ball pythons
  22 endoplasms
  A giant cockroach (D:2)
  8 hobgoblins
  5 quokkas
  2 bats (D:3)
  2 frilled lizards (D:3)
  22 goblins
  21 kobolds
  5 rats
289 creatures vanquished.

Vanquished Creatures (collateral kills)
  A kobold brigand (D:9)
  An orc (D:3)
  A kobold (Bailey)
3 creatures vanquished.

Vanquished Creatures (others)
  A troll (D:9)
  A wraith (D:11)
  An orc (D:3)
  A hobgoblin (D:3)
  A jackal (D:3)
  A bat (D:3)
6 creatures vanquished.

Grand Total: 298 creatures vanquished

Notes
Turn   | Place    | Note
-------+----------+-------------------------------------------
     0 | D:1      | Xavori the Octopode Chaos Knight began the quest for the
                  | Orb.
     0 | D:1      | Reached XP level 1. HP: 16/16 MP: 1/1
   144 | D:1      | You fall into a shaft and drop 1 floor!
   187 | D:2      | Reached XP level 2. HP: 21/21 MP: 2/2
   221 | D:2      | Found a basalt altar of Yredelemnul.
   463 | D:1      | Found a faded altar of an unknown god.
   496 | D:1      | Reached XP level 3. HP: 25/26 MP: 3/3
  1087 | D:1      | XOM: silly message
  1425 | D:1      | XOM: cloud trail
  2442 | D:1      | XOM: god gift: Icieg's Omnibus of Shifting and
                  | Mortification {god gift}
  2445 | D:1      | Got Icieg's Omnibus of Shifting and Mortification {god
                  | gift}
  2607 | D:1      | XOM: silly message
  2656 | D:1      | XOM: silly message
  2794 | D:1      | XOM: noise
  3279 | D:1      | XOM is BORED!
  3279 | D:1      | XOM: noise
  4096 | D:1      | XOM is BORED!
  4096 | D:1      | XOM: summons 2 hostile demons
  4505 | D:1      | XOM: give mutation
  4505 | D:1      | Gained mutation: You have supernaturally acute eyesight.
                  | (SInv) [Xom's mischief]
  5076 | D:1      | XOM: noise
  5556 | D:1      | XOM: torment (14/26 hp)
  5756 | D:1      | XOM: god gift: 20 gold pieces
  5818 | D:1      | XOM: god gift: wand of mindburst (4)
  5952 | D:1      | XOM: cloud trail
  6058 | D:1      | XOM: god gift: glowing scimitar {god gift}
  6678 | D:1      | XOM is BORED!
  6678 | D:1      | XOM: summons 4 hostile shadow creatures
  6900 | D:2      | XOM: stat loss: -1 Dex (12/13)
  7267 | D:1      | XOM: scenery: summon butterflies
  7270 | D:1      | XOM: god gift: Everburning Encyclopedia
  7857 | D:1      | Identified the ring "Edidgh" {rF+ rC+ Int+3 Dex+6 Stlth+}
                  | (Xom gifted it to you on level 1 of the Dungeon)
  7857 | D:1      | XOM: god gift: ring "Edidgh" {rF+ rC+ Int+3 Dex+6 Stlth+}
  8109 | D:1      | XOM: divination: detect items
  8144 | D:1      | XOM: give mutation
  8144 | D:1      | Gained mutation: You are strong-willed. (Will+) [Xom's
                  | grace]
  8209 | D:1      | XOM is BORED!
  8262 | D:1      | XOM: give mutations
  8262 | D:1      | Gained mutation: You are robust. (+10% HP) [Xom's grace]
  8262 | D:1      | Gained mutation: You are highly strong-willed. (Will++)
                  | [Xom's grace]
  8262 | D:1      | Gained mutation: Your spells are a little harder to cast,
                  | but a little more powerful. [Xom's grace]
  8262 | D:1      | Gained mutation: Your muscles are strong. (Str +4, Int/Dex
                  | -1) [Xom's grace]
  8308 | D:2      | Reached skill level 1 in Stealth
  8400 | D:2      | Found a runed translucent door.
  8401 | D:2      | Noticed Crazy Yiuf
  8897 | D:2      | Killed Crazy Yiuf
  8898 | D:2      | Reached XP level 4. HP: 18/34 MP: 0/4
  9020 | D:3      | Reached skill level 2 in Stealth
  9054 | D:3      | XOM: enchant monster (good)
  9071 | D:3      | Reached skill level 1 in Evocations
  9158 | D:3      | Reached skill level 3 in Stealth
  9158 | D:3      | Reached XP level 5. HP: 38/39 MP: 5/5
  9322 | D:3      | XOM: scenery: create altars
  9330 | D:3      | XOM: destruction
  9666 | D:3      | XOM: summons 2 hostile shadow creatures
  9813 | D:4      | Noticed Blork the orc
  9813 | D:4      | Found Woluoten's Book Shoppe.
  9813 | D:4      | Found Dion's Antique Weapon Shoppe.
  9813 | D:4      | Found Ufoon's Antique Weapon Shoppe.
  9850 | D:4      | Killed Blork the orc
  9851 | D:4      | Reached skill level 4 in Stealth
  9851 | D:4      | Reached XP level 6. HP: 46/46 MP: 6/6
  9917 | D:4      | Reached skill level 1 in Shapeshifting
  9919 | D:4      | Identified a scroll of acquirement
  9920 | D:4      | Acquired the +1 kite shield of the Immovable Lives {Drain
                  | MP+9 SInv}
  9995 | D:4      | XOM: divination: magic mapping
 10080 | D:4      | Noticed Robin
 10105 | D:4      | Killed Robin
 10160 | D:4      | XOM: noise
 10426 | D:4      | Noticed a black bear
 10435 | D:4      | Killed a black bear
 10436 | D:4      | Reached skill level 5 in Stealth
 10436 | D:4      | Reached XP level 7. HP: 34/51 MP: 7/7
 10567 | D:4      | XOM: summons friendly iron imp
 10843 | D:5      | Entered Level 5 of the Dungeon
 10871 | D:5      | Reached skill level 5 in Short Blades
 10885 | D:5      | XOM: noise
 10912 | D:5      | Found Lestrucw's Hydra Hut.
 10916 | D:5      | Noticed a four-headed hydra
 10943 | D:5      | XOM: divination: magic mapping
 10954 | D:5      | Reached skill level 1 in Shields
 10956 | D:5      | XOM: god gift: +0 hat of stealth
 10958 | D:5      | Reached skill level 6 in Stealth
 11086 | D:5      | Found Hozaeheq's Assorted Antiques.
 11237 | D:5      | Reached XP level 8. HP: 59/59 MP: 8/8
 11601 | D:6      | XOM: silly message
 11632 | D:6      | Found a staircase to the Ecumenical Temple.
 11644 | D:6      | Noticed Eustachio
 11644 | D:6      | XOM: enchant monster (bad)
 11652 | D:6      | XOM: enchant monster (bad)
 11668 | D:6      | XOM: confuse monster(s)
 11731 | D:5      | XOM: 2-stop teleportation journey
 12022 | D:6      | Found a shimmering altar of Xom.
 12029 | D:6      | Found a snail-covered altar of Cheibriados.
 12042 | D:6      | Found a white marble altar of Elyvilon.
 12328 | D:5      | Reached skill level 7 in Stealth
 12814 | D:6      | Reached XP level 9. HP: 64/64 MP: 9/9
 12825 | D:6      | Found a stormy altar of Qazlal.
 12903 | D:6      | XOM: smoke on damage
 12975 | D:6      | Killed Eustachio
 13281 | D:7      | XOM: give mutations
 13281 | D:7      | Gained mutation: You expend magic power (3 MP) to
                  | strengthen your wands. [Xom's grace]
 13281 | D:7      | Gained mutation: You are covered in fur. (AC +1) [Xom's
                  | grace]
 13300 | D:7      | Reached skill level 5 in Evocations
 13341 | D:7      | XOM: god gift: datura-tipped dart
 13474 | D:7      | Found a hazy altar of Hepliaklqana.
 13507 | D:7      | XOM: 3-stop teleportation journey
 13596 | D:7      | XOM: silly message
 13606 | D:7      | Reached skill level 5 in Fighting
 13606 | D:7      | Reached skill level 8 in Stealth
 14012 | D:7      | Reached skill level 5 in Dodging
 14171 | D:7      | a bullfrog changed into a glowing shapeshifter
 14171 | D:7      | Noticed a glowing shapeshifter (glowing shapeshifter)
 14171 | D:7      | a glowing shapeshifter changed into a swamp dragon
 14171 | D:7      | Noticed a swamp dragon (glowing shapeshifter)
 14179 | D:7      | a swamp dragon changed into a yaktaur
 14179 | D:7      | Noticed a yaktaur (glowing shapeshifter)
 14182 | D:7      | XOM: cast spell 'Olgreb's Toxic Radiance'
 14184 | D:7      | a yaktaur changed into a death drake
 14184 | D:7      | Noticed a death drake (glowing shapeshifter)
 14185 | D:7      | XOM: silly message
 14579 | D:8      | Noticed a hornet
 14582 | D:8      | XOM: enchant monster (bad)
 14586 | D:8      | Killed a hornet
 14613 | D:8      | XOM: 2-stop teleportation journey
 14628 | D:8      | Reached XP level 10. HP: 49/72 MP: 10/10
 14629 | D:8      | Reached skill level 9 in Stealth
 14648 | D:8      | Found a flagged portal.
 14655 | D:8      | XOM: silly message
 14658 | Bailey   | Entered a bailey
 14752 | Bailey   | XOM: enchant monster (good)
 14756 | Bailey   | XOM: noise
 14758 | Bailey   | XOM: summons 6 friendly demons
 14775 | Bailey   | XOM: enchant monster (good)
 14855 | Bailey   | XOM: silly message
 15123 | Bailey   | XOM: potion effect (heal wounds)
 15126 | Bailey   | Reached skill level 5 in Shapeshifting
 15131 | Bailey   | XOM: silly message
 15387 | Bailey   | XOM: noise
 15408 | Bailey   | Upgraded the game from 0.31-a0-700-gf13585253f to
                  | 0.31-a0-702-gf82c85558f
 15864 | D:8      | Reached skill level 1 in Polearms
 15993 | D:9      | XOM: 1-stop teleportation journey
 16287 | D:9      | Reached skill level 10 in Stealth
 16541 | D:9      | XOM: divination: detect items
 16542 | D:9      | XOM: polymorph endoplasm -> gnoll
 16761 | D:9      | XOM: swap monsters
 16861 | D:9      | XOM: summons 6 hostile demons
 16865 | D:8      | Reached skill level 5 in Shields
 17009 | D:8      | HP: 2/74 [acid (7)]
 17263 | D:9      | Found a hide-covered altar of Uskayaw.
 17272 | D:9      | Found an iron altar of Okawaru.
 17281 | D:9      | XOM: noise
 17577 | D:9      | XOM: swap monsters
 17692 | D:9      | XOM: torment (31/74 hp)
 17955 | D:9      | Found a staircase to the Orcish Mines.
 17963 | D:9      | Reached XP level 11. HP: 49/79 MP: 11/11
 17990 | D:9      | XOM: silly message
 18063 | D:8      | XOM: silly message
 18218 | D:9      | XOM: summons 6 hostile demons
 18281 | D:9      | XOM: silly message
 18362 | D:9      | Reached skill level 5 in Polearms
 18582 | D:9      | XOM: silly message
 18616 | D:9      | XOM: silly message
 18773 | D:9      | XOM: noise
 18904 | D:10     | Entered Level 10 of the Dungeon
 18952 | D:10     | Noticed a two-headed ogre
 18978 | D:10     | Killed a two-headed ogre
 19005 | D:10     | XOM: 1-stop teleportation journey
 19014 | D:10     | XOM: enchant monster (good)
 19112 | D:10     | XOM: god gift: 5 stones
 19366 | D:10     | XOM: cast spell 'Cause Fear'
 19367 | D:10     | XOM: divination: detect items
 19372 | D:10     | XOM: silly message
 19421 | D:10     | XOM: noise
 19424 | D:10     | XOM: enchant monster (bad)
 19451 | D:10     | XOM: confusion (+ monsters)
 19455 | D:10     | XOM: destruction
 19456 | D:10     | XOM: potion effect (might)
 19610 | D:10     | XOM: 3-stop teleportation journey
 19883 | D:10     | XOM: noise
 20188 | D:10     | XOM: give mutations
 20188 | D:10     | Lost mutation: You expend magic power (3 MP) to strengthen
                  | your wands. [Xom's mischief]
 20188 | D:10     | Gained mutation: You occasionally shout uncontrollably at
                  | your foes. [Xom's mischief]
 20188 | D:10     | Lost mutation: Your muscles are strong. (Str +4, Int/Dex
                  | -1) [Xom's mischief]
 20197 | D:10     | XOM: draining
 20299 | D:10     | Found a staircase to the Lair.
 20374 | D:10     | XOM: summons 3 hostile shadow creatures
 20439 | D:10     | XOM: give mutations
 20439 | D:10     | Lost mutation: You have supernaturally acute eyesight.
                  | (SInv) [Xom's mischief]
 20439 | D:10     | Gained mutation: Your flesh is cold resistant. (rC+) [Xom's
                  | mischief]
 20730 | D:10     | XOM: summons 1 hostile shadow creature
 20737 | D:11     | XOM: silly message
 20747 | D:11     | XOM: give mutations
 20747 | D:11     | Gained mutation: You do not regenerate when monsters are
                  | visible. [Xom's mischief]
 20747 | D:11     | Gained mutation: You possess an exceptional clarity of
                  | mind. [Xom's mischief]
 20894 | D:11     | Noticed Grum
 21434 | D:11     | Noticed a two-headed ogre
 21443 | D:11     | XOM: 1-stop teleportation journey
 21642 | D:10     | XOM: give mutation
 21642 | D:10     | Lost mutation: You do not regenerate when monsters are
                  | visible. [Xom's mischief]
 21659 | D:10     | XOM: summons 1 hostile shadow creature
 21971 | D:11     | Noticed a tengu warrior
 21983 | D:10     | Slain by a wolf

Illustrated notes

Levels and vault maps discovered:
D:1:      evilmike_arrival_plus, layout_basic, hellmonk_ecumenical_altar_blasted
D:2:      cheibrodos_old_hovel, layout_basic, basic_altar, minmay_crystal_water,
          minmay_misc_feat_diagonals, minmay_misc_feat_encased,
          uniq_crazy_yiuf_cottage
D:3:      minmay_recursive_quarters, layout_rooms, kennysheep_flooded_box
D:4:      layout_basic, nicolae_shop_distant_corner_stores, uniq_blork_the_orc,
          uniq_robin
D:5:      layout_basic, serial_shops, shop, doesnt_shop_hydraphobe
D:6:      layout_basic, elyvilon_altar_5, grunt_temple_overflow_open,
          nicolae_qazlal_style_of_elements, minmay_temple_entry_waves,
          uniq_eustachio
D:7:      layout_basic, mainiacjoe_overflow_paths, minmay_misc_feat_iff,
          kennysheep_opposing_triangles
D:8:      layout_loops_cross, enter_bailey_3
D:9:      lemuel_slime, layout_irregular_city,
          mainiacjoe_overflow_catwalk_spiral,
          kennysheep_orc_monster_closet_entryway, serial_rivers,
          chequers_serial_rivers_marsh, chequers_serial_rivers_large_a,
          chequers_serial_rivers_micro_d, chequers_serial_rivers_micro_e
D:10:     layout_loops_ring, erik_lair_dragon, serial_ice, serial_ice_o,
          serial_ice_h, serial_ice_a, serial_ice_i
D:11:     layout_cave_pools, minmay_tree_intersection, uniq_grum

Skill      XL: |  1  2  3  4  5  6  7  8  9 10 11 |
---------------+----------------------------------+-----
Stealth        | 1 3 4 5 6 7 8 10 | 10.2
Evocations     | 1 2 3 4 5 6 |  6.2
Short Blades   | 4 5 6 |  6.7
Shapeshifting  | 1 2 3 4 5 6 |  6.6
Dodging        | 3 4 5 6 |  6.6
Fighting       | 4 5 6 |  6.4
Shields        | 1 2 4 5 6 |  6.1
Polearms       | 4 8 |  8.2

Action                     |  1- 3 |  4- 6 |  7- 9 | 10-12 || total
---------------------------+-------+-------+-------+-------++-------
  Melee: Short sword       |    61 |   103 |   223 |    89 ||   476
         Constrict         |    15 |    24 |    37 |    59 ||   135
         Tentacles         |     5 |    24 |    61 |   135 ||   225
         Punch             |     1 |     1 |     3 |    10 ||    15
         Lance             |       |       |       |   500 ||   500
  Evoke: Wand              |       |     1 |     4 |    10 ||    15
    Use: Scroll            |       |     4 |     9 |     9 ||    22
         Potion            |       |     3 |     2 |     2 ||     7
   Stab: Sleeping          |     3 |    14 |    15 |    21 ||    53
         Petrifying        |       |       |     4 |     1 ||     5
         Distracted        |       |       |       |     4 ||     4
         Paralysed         |       |       |       |     1 ||     1
         Confused          |       |       |       |     1 ||     1
 Armour: Skin              |    23 |    37 |    88 |   271 ||   419
  Dodge: Dodged            |    34 |    33 |    88 |   260 ||   415
  Block: Kite shield       |       |    16 |    90 |   359 ||   465

Table legend: (Time is in decaauts)
 A = Elapsed time spent in this place.
 B = Non-inter-level travel time spent in this place.
 C = Inter-level travel time spent in this place.
 D = Time resting spent in this place.
 E = Time spent auto-exploring this place.
 F = Levels seen in this place.
 G = Mean time per level.
                   A        B        C        D        E       F      G
               +--------+--------+--------+--------+--------+-----+--------+
         Total |  21919 |  21559 |    360 |  11591 |   7436 |  12 | 1826.6 |
       Dungeon |  21128 |  20768 |    360 |  11263 |   7229 |  11 | 1920.7 |
        Bailey |    790 |    790 |      0 |    328 |    207 |   1 |  790.0 |
               +--------+--------+--------+--------+--------+-----+--------+

Top non-repeatable levels by time:
     D:1: 7363 daAuts
    D:10: 2653 daAuts
     D:9: 2164 daAuts
     D:2: 1631 daAuts
     D:5: 1607 daAuts
     D:8: 1567 daAuts
     D:7: 1108 daAuts
     D:4: 1002 daAuts
     D:3: 823 daAuts
     D:6: 812 daAuts
  Bailey: 790 daAuts
    D:11: 393 daAuts
